 Dungeon Crawl Stone Soup version 0.17-a0-2147-gfb20a63 (webtiles) character file.

3276 radek the Anointer (level 9, -5/45 HPs)
             Began as a Deep Elf Conjurer on Oct 24, 2015.
             Was an Initiate of Vehumet.
             Slain by a centaur (9 damage)
             ... on level 8 of the Dungeon.
             The game lasted 00:44:56 (10013 turns).

radek the Anointer (Deep Elf Conjurer)             Turns: 10013, Time: 00:44:58

Health: -5/45      AC:  0    Str:  6    XL:     9   Next: 68%
Magic:  1/15       EV: 12    Int: 23    God:    Vehumet [......]
Gold:   383        SH:  0    Dex: 13    Spells: 2 memorised, 8 levels left

rFire  x . .     SeeInvis .     u - +4 quarterstaff (chaos)
rCold  . . .     Clarity  .     a - +1 robe
rNeg   + . .     SustAt   +     (no shield)
rPois  .         Gourm    .     K - +2 helmet
rElec  +         Spirit   .     y - +1 cloak of Plog {*Corrode rN+ Regen+}
rCorr  .         Warding  .     (no gloves)
rMut   .         Stasis   .     (no boots)
MR     .....                    (no amulet)
Stlth  +++.......               L - ring "Selol Oli" {+Fly rElec rF- Dex-2 Stlth+}
                                t - ring of sustain attributes

@: corroded equipment, very slightly contaminated, not resistant to hostile
enchantments, fairly stealthy
A: no striking features
a: Renounce Religion, Evoke Flight


You were on level 8 of the Dungeon.
You worshipped Vehumet.
Vehumet was noncommittal.
You were not hungry.

You visited 2 branches of the dungeon, and saw 9 of its levels.

You collected 383 gold pieces.

Inventory:

Hand Weapons
 h - a +2 quarterstaff of protection
 n - a +0 short sword
 u - a +4 quarterstaff of chaos (weapon)
 w - a +1 mace of crushing
 G - a +2 flail of protection
Armour
 a - a +1 robe (worn)
 v - a +1 cloak
 y - the +1 cloak of Plog (worn) {*Corrode rN+ Regen+}
   (You found it on level 5 of the Dungeon)

   It protects you from negative energy.
   It increases your rate of regeneration.
   It may corrode your equipment when you take damage.
 K - a +2 helmet (worn)
Jewellery
 d - an uncursed ring of protection from cold
 g - a +4 ring of strength {unknown}
 m - an uncursed ring of flight
 p - a -3 ring of dexterity
 t - a ring of sustain attributes (left hand)
 L - the ring "Selol Oli" (right hand) {+Fly rElec rF- Dex-2 Stlth+}
   (You found it on level 6 of the Dungeon)

   [ring of stealth]

   It affects your dexterity (-2).
   It makes you vulnerable to fire.
   It insulates you from electricity.
   It lets you fly.
   It makes you more stealthy.
Wands
 i - a wand of enslavement (13)
 C - a wand of lightning (4)
 P - a wand of enslavement (9)
 R - a wand of paralysis (8)
Scrolls
 k - a scroll of noise
 l - 2 scrolls of random uselessness
 q - 6 scrolls of identify
 D - a scroll of fog
 E - 3 scrolls of remove curse
Potions
 e - 2 potions of cure mutation {unknown}
 f - a potion of agility {unknown}
 j - 2 potions of heal wounds {unknown}
 o - a potion of lignification
 r - a potion of haste {unknown}
 s - 2 potions of might
 z - 4 potions of curing
 B - a potion of brilliance {unknown}
 F - a potion of poison {unknown}
 N - a potion of magic {unknown}
 O - a potion of degeneration {unknown}
Books
 b - a book of Conjurations

   Spells                             Type                      Level
   a - Magic Dart                     Conjuration                  1
   b - Searing Ray                    Conjuration                  2
   c - Dazzling Spray                 Conjuration/Hexes            3
   d - Fulminant Prism                Conjuration/Hexes            4
   e - Iskenderun's Mystic Blast      Conjuration                  4
   f - Iskenderun's Battlesphere      Conjuration/Charms           5
 I - a book of Spatial Translocations

   Spells                             Type                      Level
   a - Apportation                    Translocation                1
   b - Blink                          Translocation                2
   c - Shroud of Golubria             Charms/Translocation         2
   d - Portal Projectile              Translocation                3
   e - Teleport Other                 Translocation                3
   f - Passage of Golubria            Translocation                4
 Q - a book of Geomancy

   Spells                             Type                      Level
   a - Sandblast                      Earth                        1
   b - Stoneskin                      Transmutation/Earth          2
   c - Passwall                       Transmutation/Earth          3
   d - Stone Arrow                    Conjuration/Earth            3
   e - Petrify                        Transmutation/Earth          4
   f - Lee's Rapid Deconstruction     Earth                        5
 T - a book of Envenomations

   Spells                             Type                      Level
   a - Spider Form                    Transmutation/Poison         3
   b - Alistair's Intoxication        Transmutation/Poison         4
   c - Olgreb's Toxic Radiance        Poison                       4
   d - Poisonous Cloud                Conjuration/Poison/Air       6
Comestibles
 c - 6 bread rations
 S - 2 chunks of flesh
 U - a meat ration


   Skills:
 - Level 2.4 Dodging
 - Level 2.4 Stealth
 - Level 3.0 Spellcasting
 - Level 6.9 Conjurations
 + Level 16.7 Charms


You had 8 spell levels left.
You knew the following spells:

 Your Spells              Type           Power        Failure   Level  Hunger
a - Magic Dart            Conj           ####         1%          1    None
b - Iskenderun's Battles  Conj/Chrm      ######..     2%          5    ######.


Dungeon Overview and Level Annotations

Branches:
Dungeon (8/15)             Temple (1/1) D:7            Lair (0/8) D:8

Altars:
Ashenzari
Cheibriados
Dithmenos
Fedhas
Gozag
Kikubaaqudgha
Makhleb
Nemelex Xobeh
Okawaru
Qazlal
Sif Muna
Trog
Vehumet
Xom
Zin
The Shining One

Shops:
D:5 ?   D:8 ?


Message History

* * * LOW HITPOINT WARNING * * *
Your corrosive artefact corrodes you!
The orc hits you but does no damage.
Casting: Magic Dart
Confirm with . or Enter, or press ? or * to list all spells.
You conjure a globe of magical energy.
The centaur hits you!
* * * LOW HITPOINT WARNING * * *
The orc misses you.
Casting: Iskenderun's Battlesphere
Confirm with . or Enter, or press ? or * to list all spells.
Aiming: Magic Dart
Press: ? - help, Shift-Dir - straight line, f - centaur
Aim: a centaur The magic dart hits the centaur.
The centaur is lightly wounded.
The sentinel's mark upon you fades away.
Your battlesphere fires!
The barrage of energy hits the centaur.
The centaur is heavily wounded.
The centaur hits you!
You die...

#.###....#5#################
#.# #........#)# #.#
##########o# #####.# #.#
#####.....# #.######
#...'.....# #.5o..5#
#.###.....# ######o# #.#
####### #(# #.# #@# #.#
#c######.# #.*...##.#
#####.##.# #....# ######


You could see a centaur, a shadow imp and an orc.

Vanquished Creatures
  Grinder (D:5)
  A hungry ghost (D:7)
  A hippogriff (D:8)
  An ogre (D:5)
  2 orc warriors (D:8)
  A black bear (D:5)
  A sky beast (D:5)
  2 ice beasts (D:7)
  A centaur (D:6)
  A crocodile (D:8)
  Blork the orc (D:5)
  3 giant frogs
  A water moccasin skeleton (D:4)
  2 scorpions
  8 wights
  A giant frog zombie (D:6)
  6 hounds
  2 centaur zombies
  A crimson imp (D:6)
  A centaur skeleton (D:5)
  3 jellies
  Crazy Yiuf (D:3)
  A giant frog skeleton (D:5)
  3 orc priests
  6 orc wizards
  4 worker ants
  2 hound skeletons
  A worker ant zombie (D:6)
  18 gnolls
  13 adders
  A shadow imp (D:8)
  2 oozes
  2 adder zombies
  A worm (D:2)
  4 giant geckos
  23 orcs
  5 giant cockroaches
  8 hobgoblins
  10 jackals
  6 kobolds
  2 quokkas
  4 ball pythons
  10 bats
  A giant gecko skeleton (D:5)
  6 giant newts
  5 goblins
  5 rats
185 creatures vanquished.

Notes
Turn   | Place    | Note
--------------------------------------------------------------
     0 | D:1      | radek the Deep Elf Conjurer began the quest for the Orb.
     0 | D:1      | Reached XP level 1. HP: 10/10 MP: 6/6
   221 | D:1      | Reached XP level 2. HP: 15/15 MP: 1/8
   287 | D:1      | Reached skill level 5 in Conjurations
   830 | D:2      | Reached XP level 3. HP: 19/19 MP: 7/9
  1222 | D:2      | Reached skill level 6 in Conjurations
  1301 | D:2      | Reached XP level 4. HP: 24/24 MP: 7/10
  2054 | D:3      | Noticed Crazy Yiuf
  2481 | D:3      | Found a sparkling altar of Nemelex Xobeh.
  2562 | D:3      | Killed Crazy Yiuf
  2956 | D:4      | Reached XP level 5. HP: 28/28 MP: 8/11
  2963 | D:4      | Learned a level 5 spell: Iskenderun's Battlesphere
  3795 | D:4      | Reached XP level 6. HP: 32/32 MP: 6/12
  3852 | D:4      | Reached skill level 5 in Charms
  4447 | D:5      | Entered Level 5 of the Dungeon
  4775 | D:5      | Found Cathade's Magic Scroll Shop.
  4885 | D:5      | Got a scorched cloak
  4896 | D:5      | Identified the +1 cloak of Plog {*Corrode rN+ Regen+} (You found it on level 5 of the Dungeon)
  4983 | D:5      | Reached skill level 7 in Charms
  5147 | D:5      | Reached skill level 8 in Charms
  5147 | D:5      | Reached XP level 7. HP: 32/36 MP: 0/13
  5275 | D:5      | Reached skill level 9 in Charms
  5495 | D:5      | Found a blossoming altar of Fedhas.
  5632 | D:5      | Noticed Grinder
  5636 | D:5      | Killed Grinder
  5636 | D:5      | Reached skill level 10 in Charms
  5730 | D:5      | Reached XP level 8. HP: 38/41 MP: 6/14
  5793 | D:5      | Reached skill level 11 in Charms
  5844 | D:5      | Noticed Blork the orc
  5848 | D:5      | Killed Blork the orc
  6288 | D:5      | Reached skill level 12 in Charms
  7055 | D:6      | Reached skill level 13 in Charms
  7376 | D:6      | Reached skill level 14 in Charms
  7524 | D:6      | Found a snail-covered altar of Cheibriados.
  7573 | D:6      | Found a stormy altar of Qazlal.
  7633 | D:6      | Found a shattered altar of Ashenzari.
  7814 | D:6      | Got a shimmering tin ring
  7816 | D:6      | Identified the ring "Selol Oli" {+Fly rElec rF- Dex-2 Stlth+} (You found it on level 6 of the Dungeon)
  7923 | D:7      | Reached XP level 9. HP: 40/45 MP: 5/15
  8307 | D:7      | Reached skill level 15 in Charms
  8622 | D:7      | Found a staircase to the Ecumenical Temple.
  8676 | D:7      | Found a glowing silver altar of Zin.
  8966 | Temple   | Entered the Ecumenical Temple
  9019 | Temple   | Became a worshipper of Vehumet
  9254 | D:8      | Found a staircase to the Lair.
  9265 | D:8      | Reached skill level 16 in Charms
  9771 | D:8      | Found Pipluwyheh's Magic Scroll Boutique.
 10013 | D:8      | Slain by a centaur

Vault maps used:
D:1:      dpeg_arrival_simpleton_c
D:3:      nicolae_overflow_hidden_temple, first_bread,
          nemelex_dance_club_becter, uniq_crazy_yiuf_cottage
D:5:      lemuel_doored_altar, serial_shops, nicolae_shop_trees, uniq_grinder,
          uniq_blork_the_orc
D:6:      kennysheep_mini, nicolae_qazlal_style_of_elements,
          lemuel_crystal_altar
D:7:      zin_academy, minmay_temple_entry_hall
D:8:      lair_0_dummy, serial_shops, nicolae_shop_window_shopping
Temple:   circular_temple_12

Action                   |  1- 3 |  4- 6 |  7- 9 || total
-------------------------+-------+-------+-------++-------
Melee: Unarmed           |     2 |       |       ||     2
       Quarterstaff      |       |       |    19 ||    19
 Cast: Magic Dart        |    76 |   147 |   231 ||   454
       Iskenderun's Batt |       |     2 |    30 ||    32
  Use: Scroll            |       |     7 |     5 ||    12
       Potion            |       |     1 |     1 ||     2
 Stab: Paralysed         |       |       |     1 ||     1
  Eat: Chunk             |     1 |     1 |    11 ||    13
       Meat ration       |       |     2 |     2 ||     4
       Pizza             |       |     1 |       ||     1
       Beef jerky        |       |     1 |     2 ||     3
